Map: Dusty Gorge

Players

TOPVALLOR

  • Race: Terran Terran
  • League: Gold
  • Spawn Location: 3:00

RandalDayton

  • Race: Zerg Zerg
  • League: Silver
  • Spawn Location: 5:00

Subwaymaker - Winner!

  • Race: Zerg Zerg
  • League: Gold
  • Spawn Location: 11:00

Mesrob - Winner!

  • Race: Terran Terran
  • Spawn Location: 9:00

VOD

Have the link to the VOD?

Description

Time

  • Played on: Oct. 4, 2019, 9:58 p.m.
  • Length: 20:07
Show
View Real Time Build Order
Export as new Build Order

TOPVALLOR Terran 

Build Orders: Command Center First (CC) 

Get SALT Encoding   

  12  0:23  Engineering Bay  
  12  0:26  Refinery  
  12  0:29  Refinery  
  12  0:30  SCV  
  13  1:09  SCV  
  14  1:21  SCV  
  14  1:23  Supply Depot  
  15  1:44  SCV  
  16  1:57  SCV  
  17  2:09  SCV  
  18  2:22  Command Center  
  18  2:32  Supply Depot  
  18  2:44  Supply Depot  
  18  3:03  Planetary Fortress  
  18  3:21  Hi-Sec Auto Tracking  
  18  3:52  Planetary Fortress  
  18  4:09  Missile Turret  
  18  4:30  Missile Turret  
  18  4:47  SCV  
  18  4:51  Missile Turret  
  19  4:55  Missile Turret  
  19  5:02  Barracks  
  19  5:11  Missile Turret, Barracks  
  19  5:23  SCV  
  20  5:31  SCV  
  20  5:35  SCV  
  22  5:47  SCV  
  22  5:48  Barracks Reactor  
  23  5:54  Factory  
  23  5:59  SCV  
  24  6:07  Barracks Tech Lab  
  24  6:10  SCV  
  25  6:22  SCV  
  26  6:34  SCV  
  26  6:36  SCV  
  28  6:46  SCV  
  29  6:48  SCV  
  30  6:57  Starport  
  30  7:00  SCV  
  31  7:12  SCV  
  31  7:13  Factory Tech Lab  
  31  7:15  Marauder  
  34  7:16  Marine x2  
  36  7:23  SCV  
  36  7:24  SCV  
  38  7:33  Marine  
  38  7:34  Marine, Siege Tank  
  38  7:35  SCV  
  38  7:36  Marauder  
  46  7:46  Supply Depot  
  46  7:47  SCV  
  47  7:51  Marine x2  
  49  7:59  SCV  
  50  8:09  Supply Depot  
  50  8:12  SCV  
  44  8:22  Marine x3  
  44  8:24  SCV  
  34  8:31  Supply Depot  
  33  8:36  SCV  
  33  8:38  Siege Tank  
  33  8:39  Marine  
  33  8:40  Marine x2  
  40  8:48  SCV  
  41  8:57  Marine x2  
  41  8:58  Marine  
  43  9:06  Starport Reactor  
  43  9:10  Siege Tank  
  43  9:12  Starport  
  43  9:15  Marine  
  26  10:17  Viking x3  
  32  10:46  Viking  
  32  10:47  Viking x2  
  38  10:53  Command Center  
  38  11:16  Viking  
  38  11:17  Viking x2  
  44  11:40  Missile Turret  
  44  11:45  Missile Turret  
  44  11:51  Viking x2  
  44  11:53  Viking  
  50  11:59  Missile Turret  
  50  12:05  Missile Turret, SCV  
  50  12:17  SCV  
  51  12:24  Missile Turret  
  51  12:29  SCV  
  50  12:45  Missile Turret  
  50  12:49  Supply Depot  
  50  12:55  Viking x2  
  54  12:59  Viking  
  54  13:05  Missile Turret  
  56  13:06  SCV  
  57  13:18  SCV  
  58  13:32  Starport Reactor  
  58  13:47  Viking  
  60  13:48  Viking  
  60  13:50  Barracks  
  60  13:53  SCV  
  55  14:42  Viking x4  
  62  15:09  SCV  
  62  15:11  Viking  
  63  15:17  Missile Turret  
  63  15:21  SCV  
  64  15:34  SCV  
  65  15:38  Missile Turret  
  65  15:46  SCV  
  66  15:58  SCV  
  66  16:01  Missile Turret  
  67  16:10  Refinery  
  67  16:15  Refinery  
Show
View Real Time Build Order
Export as new Build Order

RandalDayton Zerg 

Build Orders: Pool First, Swarm Host 

Get SALT Encoding   

  12  0:01  Drone  
  13  0:09  Drone  
  14  0:27  Spawning Pool  
  13  0:31  Drone  
  14  0:37  Extractor  
  14  0:39  Drone  
  14  0:46  Overlord  
  14  0:50  Extractor  
  14  0:52  Drone  
  14  1:04  Drone  
  14  1:06  Drone  
  16  1:15  Queen  
  19  1:18  Zergling x2  
  19  1:49  Hatchery  
  19  1:51  Zergling x6  
  21  2:03  Zergling x2  
  22  2:10  Metabolic Boost  
  22  2:53  Overlord x3  
  22  3:01  Queen  
  22  3:02  Evolution Chamber  
  22  3:04  Drone  
  24  3:12  Drone  
  25  3:14  Drone  
  26  3:47  Zergling x2  
  26  3:48  Zergling x14  
  29  4:24  Zergling x2  
  29  4:25  Zergling x10  
  33  4:48  Zergling x2  
  33  4:49  Zergling x6  
  34  5:08  Zergling x4  
  34  5:14  Drone x2  
  38  5:18  Zerg Melee Weapons Level 1  
  38  5:40  Drone  
  38  5:41  Drone x3  
  42  5:44  Lair  
  42  5:48  Drone  
  42  5:49  Drone x6  
  49  6:07  Spore Crawler  
  49  6:08  Spore Crawler x2  
  44  6:11  Spore Crawler  
  44  6:12  Drone  
  44  6:13  Spore Crawler x2  
  44  6:14  Drone  
  43  6:31  Zergling x14  
  39  6:50  Drone x4  
  39  6:51  Drone  
  44  7:05  Queen  
  46  7:15  Drone x2  
  48  7:17  Overlord  
  47  7:42  Burrow  
  47  7:47  Extractor x2, Drone x4  
  47  7:48  Drone x4  
  47  7:49  Drone  
  46  8:05  Infestation Pit  
  45  8:14  Hatchery  
  44  8:35  Zerg Missile Weapons Level 1  
  44  8:36  Drone  
  44  8:38  Drone x2  
  44  8:39  Drone  
  44  8:40  Drone x3  
  59  9:05  Overlord x4  
  59  9:06  Overlord x2  
  59  9:23  Queen  
  79  9:44  Queen  
  92  10:38  Drone x2  
  92  10:39  Drone x7  
  92  10:40  Drone x3  
  92  10:41  Drone x4  
  108  10:53  Pneumatized Carapace  
  108  11:24  Overlord  
  108  11:25  Overlord x12  
  108  11:35  Hydralisk Den  
  107  12:25  Hydralisk x5  
  107  12:26  Hydralisk x13  
  98  13:37  Infestor x3  
  98  13:39  Swarm Host  
  98  13:40  Swarm Host  
  110  13:49  Infestor x2  
  110  13:50  Extractor  
  110  13:51  Extractor  
  110  13:52  Hatchery  
  107  14:01  Hydralisk x10  
  107  14:02  Zerg Missile Weapons Level 2  
  89  14:45  Swarm Host x7  
  110  15:07  Drone  
  110  15:12  Drone x3  
  110  15:13  Drone x6  
  120  15:17  Queen  
  122  15:53  Infestor, Swarm Host  
  122  15:54  Infestor x2, Swarm Host x2  
  134  16:10  Spine Crawler  
  131  16:17  Spine Crawler  
  130  16:19  Spine Crawler x2  
  130  16:20  Spine Crawler  
  127  16:30  Extractor  
  125  16:51  Pathogen Glands  
  125  17:00  Swarm Host  
  128  17:01  Swarm Host x5  
Show
View Real Time Build Order
Export as new Build Order

Subwaymaker Zerg - Winner!

Build Orders: Pool First 

Get SALT Encoding   

  12  0:02  Drone  
  13  0:13  Drone  
  14  0:17  Overlord  
  14  0:25  Extractor  
  14  0:26  Drone  
  15  0:37  Drone x2  
  17  0:47  Extractor  
  17  0:49  Drone  
  17  1:01  Spawning Pool  
  16  1:07  Drone  
  17  1:12  Drone  
  18  1:28  Hatchery  
  18  1:30  Drone  
  18  1:36  Drone  
  19  1:53  Overlord  
  19  1:56  Drone  
  20  2:02  Zergling x2  
  21  2:11  Queen  
  21  2:13  Zergling x2  
  21  2:14  Metabolic Boost  
  24  2:24  Zergling x2  
  25  2:35  Overlord  
  25  2:40  Drone  
  25  2:44  Drone  
  27  2:58  Lair  
  27  2:59  Drone x2  
  29  3:28  Drone x3  
  29  3:29  Drone  
  29  3:30  Zergling x8  
  29  3:31  Queen  
  39  3:58  Zergling x8  
  39  3:59  Zergling x2  
  44  4:07  Overlord  
  44  4:14  Evolution Chamber  
  43  4:31  Roach Warren  
  43  4:34  Queen  
  44  4:44  Overlord  
  44  4:45  Overlord x2  
  44  4:47  Queen  
  39  5:05  Drone x5  
  44  5:10  Extractor  
  43  5:15  Extractor, Roach  
  43  5:17  Zerg Melee Weapons Level 1, Overseer  
  44  5:28  Drone x3  
  46  5:31  Overlord  
  47  5:46  Zergling x4  
  49  5:54  Extractor, Roach  
  49  5:55  Roach  
  52  6:05  Roach x2  
  55  6:16  Hydralisk Den  
  55  6:18  Drone x2  
  56  6:38  Drone x2  
  57  6:43  Roach x5  
  62  7:08  Glial Reconstitution  
  62  7:09  Spire  
  61  7:16  Hydralisk x2  
  61  7:17  Hydralisk  
  61  7:20  Overlord x4  
  61  7:21  Overlord x5  
  67  7:32  Infestation Pit  
  66  7:49  Hydralisk x6  
  78  7:55  Hatchery  
  77  7:59  Zergling x4  
  79  8:11  Roach x2  
  83  8:17  Hydralisk  
  63  8:35  Ravager  
  64  8:43  Ravager  
  64  8:44  Mutalisk, Hydralisk x2, Roach  
  73  8:58  Mutalisk x2  
  73  9:07  Drone  
  73  9:08  Drone x2  
  76  9:13  Mutalisk  
  78  9:32  Ravager  
  78  9:33  Ravager  
  78  9:36  Hydralisk x4, Roach  
  78  9:37  Roach  
  92  9:42  Roach  
  92  9:43  Roach  
  73  10:10  Hydralisk x4  
  73  10:11  Roach  
  73  10:13  Roach  
  76  10:15  Drone x3  
  79  10:31  Hydralisk x2  
  79  10:32  Roach  
  79  10:34  Drone x3  
  88  10:48  Drone x2  
  88  10:49  Drone  
  91  11:16  Zergling x20  
  101  11:28  Mutalisk x2, Hydralisk, Roach x2  
  111  11:39  Extractor  
  110  11:43  Extractor  
  110  11:46  Hydralisk x6  
  116  12:02  Hydralisk x3  
  113  12:18  Hydralisk x2  
  113  12:20  Roach x2  
  115  12:35  Drone x6  
  115  12:36  Drone x6  
  128  12:37  Drone  
  128  12:40  Hydralisk x2  
  130  13:00  Infestor x2  
  134  13:07  Corruptor  
  134  13:09  Zergling x18  
  145  13:24  Overlord x3  
  145  13:25  Overlord x8  
  145  13:38  Zergling x2  
  134  14:07  Zerg Flyer Weapons Level 1  
  119  14:10  Grooved Spines  
  119  14:12  Zerg Ground Armor Level 1  
  119  14:13  Tunneling Claws  
  89  14:26  Hydralisk  
  89  14:27  Hydralisk x3, Roach  
  89  14:28  Hatchery, Hydralisk x4, Roach x4  
  89  14:29  Hydralisk, Roach x3  
  89  14:31  Roach  
  124  14:32  Roach  
  124  14:35  Roach  
  124  14:36  Hydralisk x2  
  124  14:37  Roach x3  
  138  14:59  Evolution Chamber  
  137  15:12  Nydus Network, Roach  
  137  15:13  Roach x11  
  160  15:29  Zerg Missile Weapons Level 1  
  160  15:33  Muscular Augments  
  160  15:39  Extractor  
  160  15:40  Extractor  
  160  15:41  Hydralisk  
  160  15:42  Hydralisk x2  
  164  15:43  Roach  
  164  15:44  Zergling x16  
  174  15:53  Overseer  
  174  16:17  Hydralisk  
  174  16:18  Hydralisk x5  
  178  16:19  Zergling x22  
  197  16:39  Nydus Canal  
  191  17:25  Overlord x4  
  191  17:26  Overlord x3  
  184  17:58  Hydralisk x3  
  184  17:59  Hydralisk x4  
  184  18:00  Hydralisk  
  195  18:15  Hydralisk x2  
  181  19:29  Hatchery  
  168  19:35  Hatchery  
  161  19:40  Hatchery  
Show
View Real Time Build Order
Export as new Build Order

Mesrob Terran - Winner!

Build Orders:  

Get SALT Encoding   

  12  0:01  SCV  
  13  0:17  SCV  
  14  0:22  Supply Depot  
  14  0:29  Refinery  
  14  0:33  SCV  
  15  0:45  SCV  
  15  0:47  Barracks  
  16  0:58  SCV  
  17  1:10  SCV  
  18  1:22  SCV  
  19  1:36  Reaper  
  19  1:39  Orbital Command  
  20  1:48  Refinery  
  20  1:54  Factory  
  20  2:14  SCV  
  20  2:15  Supply Depot  
  21  2:29  Barracks Reactor  
  21  2:34  SCV  
  22  2:43  Starport  
  21  2:52  SCV  
  21  2:55  Factory Tech Lab  
  22  3:02  Command Center  
  22  3:08  SCV  
  22  3:12  Marine x2  
  25  3:27  Siege Tank  
  26  3:42  Marine x2  
  26  3:45  Starport Reactor  
  26  3:47  SCV  
  29  3:56  Barracks  
  29  4:14  SCV  
  2  4:50  Orbital Command  
  1  5:37  Orbital Command  
  1  5:50  Marine, Orbital Command  
  1  5:51  Marine  
  1  5:53  Hellion  
  5  6:14  Hellion  
  7  6:32  Marine  
  8  6:42  SCV  
  9  6:58  Marine  
  9  7:00  Marine  
  11  7:01  Hellion  
  11  7:04  SCV  
  11  7:06  SCV  
  15  7:16  Marine, SCV  
  15  7:18  Marine, SCV  
  19  7:40  Supply Depot  
  18  7:59  Hellion  
  19  8:10  SCV  
  18  8:22  SCV  
  12  8:37  Marine  
  11  8:58  Hellion, Marine x2  
  15  9:09  SCV  
  13  9:44  Hellion  
  15  9:46  Barracks Reactor  
  15  9:53  Barracks Tech Lab  
  13  10:05  Hellion  
  15  10:11  SCV  
  16  10:18  Refinery  
  16  10:22  Refinery  
  16  10:23  SCV  
  17  10:33  Hellion  
  19  10:36  Marauder  
  19  10:38  Marine x2  
  23  10:54  Hellion  
  25  11:06  Command Center  
  25  11:14  SCV  
  26  11:26  SCV  
  26  11:27  Marine x2  
  26  11:30  Marauder  
  26  11:31  Supply Depot  
  31  11:36  Factory Tech Lab  
  31  11:54  Supply Depot  
  29  12:17  Supply Depot, Siege Tank  
  29  12:19  Marine x2  
  29  12:21  Marauder  
  29  12:50  Orbital Command  
  29  12:54  Marine  
  29  12:56  Marine, Marauder  
  24  13:12  Marine  
  22  13:14  Marine  
  22  13:17  Marine  
  24  13:30  Marine  
  24  13:31  Marine  
  26  13:35  Marine  
  27  13:48  Marine  
  28  13:52  Siege Tank  
  28  13:53  Marine x2  
  33  14:06  Marine  
  30  14:58  SCV  
  30  14:59  Command Center  
  28  15:05  Marine x3  
  29  15:10  SCV  
  25  15:23  Marine x3, SCV  
  29  15:35  SCV  
  30  15:36  Refinery  
  30  15:38  SCV  
  30  15:41  Marine  
  32  15:44  Supply Depot  
  31  16:02  Refinery  
  29  16:22  SCV  
  30  16:29  Marine  
  30  16:30  Siege Tank  
  30  16:31  Marine x2  
  36  16:34  SCV  
  36  16:36  Supply Depot  
  36  16:37  SCV  
  36  16:38  Barracks  
  38  16:46  Marine  
  38  16:50  SCV  
  40  16:54  Command Center  
  40  17:02  SCV  
  40  17:04  Siege Tank  
  40  17:05  Marine  
  40  17:06  Marine x2  
  47  17:14  SCV  
  48  17:23  Marine  
  48  17:25  Barracks  
  48  17:26  SCV  
  49  17:55  Engineering Bay  
  43  18:08  Marine x3  
  43  18:09  Marine  
  47  18:13  Barracks  
  47  18:17  Barracks  
  45  18:26  Marine x3  
  37  18:27  Marine  
  35  18:35  Barracks  
  30  18:43  Supply Depot  
  30  18:45  Marine  
  28  18:55  Orbital Command  
  25  18:58  Marine  
  25  19:03  Marine  
  25  19:09  Planetary Fortress  
  26  19:16  Marine  
  27  19:17  Missile Turret  
  27  19:21  Marine  
  22  19:26  Barracks  
  22  19:27  Missile Turret  
  22  19:34  Marine  
  23  19:38  Marine  
  23  19:39  Missile Turret  
  24  20:00  Missile Turret  
Tags
 
Add a new tag
Caveats
  • Supply blocks, unpowered buildings, or Contaminate may cause inaccurate times.
  • Supply counts are checked every 10 seconds.